 Dungeon Crawl Stone Soup version 0.18-a0-1526-gcb34c7c (webtiles) character file.

174 Duffy the Chopper (level 5, 38/38 HPs)
             Began as a Demonspawn Gladiator on Mar 8, 2016.
             Quit the game on level 4 of the Dungeon.
             The game lasted 00:02:35 (2242 turns).

Duffy the Chopper (Demonspawn Gladiator)            Turns: 2242, Time: 00:02:35

Health: 38/38      AC: 11    Str: 16    XL:     5   Next: 28%
Magic:  5/5        EV:  5    Int:  9    God:
Gold:   185        SH:  0    Dex: 14    Spells: 0 memorised, 4 levels left

rFire  . . .     SeeInvis .     a - +0 war axe
rCold  . . .     Gourm    .     r - +0 plate armour
rNeg   + . .     Faith    .     (no shield)
rPois  .         Spirit   .     c - +0 helmet
rElec  .         Dismiss  .     (no cloak)
rCorr  .         Reflect  .     (no gloves)
SustAt .         Harm     .     (no boots)
MR     .....                    (no amulet)
Stlth  ..........               x - ring of positive energy
                                w - ring of loudness (curse)

@: not resistant to hostile enchantments, extremely unstealthy
A: claws 1, powered by death 1
a: no special abilities


You were on level 4 of the Dungeon.
You were hungry.

You visited 1 branch of the dungeon, and saw 4 of its levels.

You collected 185 gold pieces.


Innate Abilities, Weirdness & Mutations

You have sharp fingernails.
You regenerate a little health from kills.


   Skills:
 - Level 2.0 Fighting
 + Level 5.5 Axes
 - Level 1.7 Throwing
 - Level 2.6 Dodging


You had 4 spell levels left.
You didn't know any spells.

Inventory:

Hand Weapons
 a - a +0 war axe (weapon)
Missiles
 d - 3 throwing nets (quivered)
Armour
 b - a +0 leather armour
 c - a +0 helmet (worn)
 r - a +0 plate armour (worn)
Jewellery
 k - a +3 ring of intelligence
 t - an uncursed ring of wizardry
 w - a cursed ring of loudness (left claw)
 x - a ring of positive energy (right claw)
 y - an uncursed ring of stealth {unknown}
Wands
 p - a wand of acid (7/15)
Scrolls
 e - 3 scrolls of fog {unknown}
 g - a scroll of amnesia {unknown}
 h - 3 scrolls of recharging {unknown}
 j - 3 scrolls of identify {unknown}
 l - 5 scrolls of remove curse {unknown}
 o - a scroll of immolation {unknown}
 s - 2 scrolls of noise {unknown}
 v - a scroll of magic mapping {unknown}
Potions
 i - a potion of berserk rage {unknown}
 m - a potion of invisibility {unknown}
 q - a potion of degeneration {unknown}
 u - a potion of might {unknown}
Comestibles
 f - 4 bread rations
 n - a royal jelly
 z - a chunk of flesh

Dungeon Overview and Level Annotations

Branches:
Dungeon (4/15)
 Temple: D:4-7

Altars:
Elyvilon
Gozag
Kikubaaqudgha
Makhleb
Nemelex Xobeh
Okawaru
Vehumet
Xom
Yredelemnul


Message History

You closely miss the howler monkey.
The howler monkey hits you but does no damage.
The howler monkey bites you but does no damage.
You slash the howler monkey!
The howler monkey is moderately wounded.
You are feeling hungry.
The howler monkey hoots and howls with incredible vigour!
The howler monkey hits you but does no damage.
The howler monkey barely misses you.
You hear a bark!
You slash the howler monkey!
The howler monkey is almost dead.
The howler monkey hits you but does no damage.
The howler monkey bites you but does no damage.
You hit the howler monkey.
You kill the howler monkey!
You have reached level 5!
Your demonic ancestry asserts itself...
Your fingernails lengthen.
y - a brass ring
Found a gold piece.
Found 2 gold pieces.
You feel less regenerative.
Found a scroll labeled MEUCKA XOLACS.
You now have 179 gold pieces (gained 1).
Found a gold piece.
Found 2 gold pieces.
You now have 180 gold pieces (gained 1).
Found an opulent altar of Gozag.
You now have 181 gold pieces (gained 1).
You now have 182 gold pieces (gained 1).
You now have 183 gold pieces (gained 1).
You now have 184 gold pieces (gained 1).
You now have 185 gold pieces (gained 1).
Are you sure you want to abandon this character and quit the game? (Confirm with "yes".)

#..#.##......#
#............#
#....##....<.#
#..# #.######
#..####.#
######.......#
#8..#........#####
#_...............#
#8@.#.........##.#
##########..#..?..
#.#####.# #.# #
#.. ###


There were no monsters in sight!

Action                   |  1- 3 |  4- 6 || total
-------------------------+-------+-------++-------
Melee: War axe           |   128 |    68 ||   196
  Eat: Chunk             |     2 |     2 ||     4

Notes
Turn   | Place    | Note
--------------------------------------------------------------
     0 | D:1      | Duffy the Demonspawn Gladiator began the quest for the Orb.
     0 | D:1      | Reached XP level 1. HP: 16/16 MP: 1/1
   292 | D:1      | Reached skill level 3 in Axes
   453 | D:1      | Gained mutation: You regenerate a little health from kills. [demonic ancestry]
   453 | D:1      | Reached XP level 2. HP: 16/22 MP: 2/2
   812 | D:1      | Reached XP level 3. HP: 23/27 MP: 3/3
  1116 | D:2      | Found a white marble altar of Elyvilon.
  1128 | D:2      | Reached skill level 4 in Axes
  1315 | D:2      | Found a sparkling altar of Nemelex Xobeh.
  1354 | D:2      | Found a basalt altar of Yredelemnul.
  1357 | D:2      | Found a shimmering altar of Xom.
  1360 | D:2      | Found an ancient bone altar of Kikubaaqudgha.
  1363 | D:2      | Found an iron altar of Okawaru.
  1568 | D:2      | Found a burning altar of Makhleb.
  1643 | D:2      | Reached XP level 4. HP: 22/33 MP: 4/4
  1933 | D:3      | Found a radiant altar of Vehumet.
  2212 | D:4      | Reached skill level 5 in Axes
  2215 | D:4      | Gained mutation: You have sharp fingernails. [demonic ancestry]
  2215 | D:4      | Reached XP level 5. HP: 38/38 MP: 5/5
  2228 | D:4      | Found an opulent altar of Gozag.
  2242 | D:4      | Quit the game

Vault maps used:
D:1:      shiori_arrival_oz
D:2:      nemelex_deck, elyvilon_altar_5, grunt_temple_overflow_cloverleaf,
          lemuel_doored_altar, minivault_25
D:3:      vehumet_crystals, first_bread, serial_undead, serial_undead_d,
          serial_undead_f, serial_undead_c, serial_undead_a, serial_undead_a,
          serial_undead_b
D:4:      nicolae_overflow_hidden_temple, grunt_gozag_breadcrumbs, uniq_grinder,
          uniq_edmund

Vanquished Creatures
  A howler monkey
  A hound
  A worker ant zombie
  An adder
  2 adder skeletons
  2 worms
  3 dart slugs
  6 giant geckos
  2 giant cockroaches
  14 hobgoblins
  8 kobolds
  2 quokkas
  A ball python
  A ball python zombie
  7 bats
  A giant gecko skeleton
  A giant newt
  5 goblins
  6 rats
65 creatures vanquished.
